 Dungeon Crawl Stone Soup version 0.30-a0-709-gcdc1b43e22 (webtiles) character file.

Game seed: 311434707663029456

283 Azfaa the Sneak (level 6, -7/37 HPs)
             Began as a Kobold Brigand on Jan 22, 2023.
             Mangled by a nameless horror (10 damage)
             ... created by miscasting Call Canine Familiar
             ... on level 3 of the Dungeon.
             The game lasted 00:32:05 (2366 turns).

Azfaa the Sneak (Kobold Brigand)                    Turns: 2366, Time: 00:32:05

Health: -7/37      AC:  5    Str:  8    XL:     6   Next: 54%
Magic:  0/6        EV: 15    Int: 12    God:
Gold:   173        SH:  0    Dex: 19    Spells: 1/5 levels left

rFire   . . .      SeeInvis .    a - +3 dagger
rCold   . . .      Faith    .    (no shield)
rNeg    . . .      Spirit   .    A - +1 leather armour {rPois}
rPois   +          Reflect  .    (no helmet)
rElec   .          Harm     .    c - +0 cloak
rCorr   .          Rampage  .    (no gloves)
Will    .....                    (no boots)
Stlth   ++++                     (no amulet)
HPRegen 0.26/turn                (no ring)
MPRegen 0.10/turn                (no ring)

@: no status effects
A: small, no large weapons, nightstalker 3
a: no special abilities


You were on level 3 of the Dungeon.
You visited 1 branch of the dungeon, and saw 3 of its levels.

You collected 173 gold pieces.

Inventory:

Hand Weapons
 a - a +3 dagger (weapon)
 f - a +0 club
 j - a +8 club
 k - a +0 whip
 o - a +0 dagger
 q - a +0 short sword
 r - a +0 mace
 s - a +0 dagger
 t - a +0 club
 v - a +0 scythe
 x - a +0 mace
 D - a +0 club
 F - a +0 falchion
 G - a +0 spear
Missiles
 d - 8 poisoned darts
 e - 2 curare-tipped darts (quivered)
 g - 14 stones
Armour
 b - a +1 robe
 c - a +0 cloak (worn)
 i - a +0 plate armour
 m - a +0 robe
 w - a +0 robe
 y - a +0 robe
 A - a +1 leather armour of poison resistance (worn)
 B - a +2 cloak
Jewellery
 h - a ring of flight
 H - a ring of protection from cold
Wands
 E - a wand of polymorph (7)
Scrolls
 l - a scroll of amnesia
 n - a scroll of butterflies
 C - a scroll of silence
Potions
 p - a potion of curing
 z - 2 potions of lignification


   Skills:
 * Level 3.3 Fighting
 * Level 5.0(5.1) Short Blades
 - Level 0.2(1.9) Long Blades
 + Level 2.5 Throwing
 * Level 3.2 Dodging
 + Level 6.5 Stealth
 * Level 1.7 Summonings


You had one spell level left.
You knew the following spells:

 Your Spells              Type           Power      Damage    Failure   Level
a - Summon Small Mammal   Summ           16%        N/A       24%         1
b - Call Canine Familiar  Summ           4%         N/A       56%         3

Your spell library contained the following spells:

 Spells                   Type           Power      Damage    Failure   Level
 Summon Guardian Golem    Hex/Summ       2%         N/A       71%         3
 Ozocubu's Armour         Ice            0%         N/A       82%         3
 Iskenderun's Battlesphe  Conj           0%         2d6       100%        5
 Iron Shot                Conj/Erth      0%         9d1       100%        6
 Ozocubu's Refrigeration  Ice            0%         4d7       100%        7
 Spellforged Servitor     Conj/Summ      1%         N/A       100%        7


Dungeon Overview and Level Annotations

Branches:
Dungeon (3/15)

Altars:
Makhleb
Ru
Trog


Innate Abilities, Weirdness & Mutations

You are small and have problems with some larger weapons.
You are completely attuned to the shadows.


Message History

Aim: a nameless horror (moderately damaged, durably summoned, infinite will)
The nameless horror is unaffected.
The nameless horror hits you.
You hit the nameless horror but do no damage.
The nameless horror is moderately damaged.
The nameless horror hits you.
You feel your power leaking away.
The nameless horror attacks as you move away!
The nameless horror hits you.
* * * LOW HITPOINT WARNING * * *
Found 13 gold pieces.
The nameless horror attacks as you move away!
The nameless horror closely misses you.
The nameless horror attacks as you move away!
The nameless horror hits you.
* * * LOW HITPOINT WARNING * * *
The nameless horror attacks as you move away!
The nameless horror closely misses you.
The nameless horror attacks as you move away!
The nameless horror hits you but does no damage.
The nameless horror attacks as you move away!
The nameless horror barely misses you. The nameless horror misses you.
Throw: 3 darts (curare)
Press: ? - help, Q - select action, (/) - cycle Shift-Dir - straight line, f/p - nameless horror
Aim: a nameless horror (moderately damaged, durably summoned, 90% to hit)
You throw a curare-tipped dart.
The curare-tipped dart hits the nameless horror.
The nameless horror is moderately damaged.
The nameless horror completely misses you.
You completely miss the nameless horror.
The nameless horror is moderately damaged.
The nameless horror hits you!
* * * LOW HITPOINT WARNING * * *
You feel your power leaking away.
You hit the nameless horror.
The nameless horror is moderately damaged.
You remove your ring of protection from cold.
The nameless horror hits you!
You die...

######
.........
#....##
o....)..K
#.@X..#
...o..(..
#.....#
.........
#####.# ##.#
#.# #..# #.#
###..## #.#
##.....# #.#
#..###.### #.#
##.........
#.###..........


You could see a nameless horror.

Vanquished Creatures
  Sigmund (D:2)
  Jessica (D:1)
  6 adders
  A worm (D:2)
  2 dart slugs
  An orc (D:2)
  4 endoplasms
  3 giant cockroaches
  2 goblins
  4 hobgoblins (D:2)
  4 jackals (D:1)
  2 quokkas
  A ball python (D:1)
  5 bats
  3 frilled lizards
  4 kobolds
  3 rats
47 creatures vanquished.

Vanquished Creatures (others)
  15 plants (D:1)
15 creatures vanquished.

Grand Total: 62 creatures vanquished

Notes
Turn   | Place    | Note
-------+----------+-------------------------------------------
     0 | D:1      | Azfaa the Kobold Brigand began the quest for the Orb.
     0 | D:1      | Reached XP level 1. HP: 12/12 MP: 1/1
   340 | D:1      | Reached XP level 2. HP: 18/18 MP: 2/2
   343 | D:1      | Learned a level 1 spell: Summon Small Mammal
   731 | D:1      | Reached XP level 3. HP: 4/22 MP: 1/3
  1007 | D:2      | Noticed Jessica
  1078 | D:1      | Killed Jessica
  1142 | D:2      | Reached XP level 4. HP: 25/27 MP: 4/4
  1293 | D:2      | Reached skill level 1 in Summonings
  1594 | D:2      | Reached skill level 6 in Stealth
  1691 | D:2      | Reached XP level 5. HP: 11/32 MP: 5/5
  1692 | D:2      | .,,
  1777 | D:2      | Noticed Sigmund
  1789 | D:2      | Killed Sigmund
  1790 | D:2      | Reached skill level 5 in Short Blades
  1790 | D:2      | Reached XP level 6. HP: 27/37 MP: 6/6
  2176 | D:3      | Found a sacrificial altar of Ru.
  2176 | D:3      | Found a bloodstained altar of Trog.
  2176 | D:3      | Found a burning altar of Makhleb.
  2255 | D:3      | Identified the +6 hammer of Mefotut {heavy, Fragile Str+6
                  | Int+3 Stlth+}
  2291 | D:3      | Learned a level 3 spell: Call Canine Familiar
  2325 | D:3      | Noticed a nameless horror
  2366 | D:3      | Mangled by a nameless horror

Illustrated notes

#### #########..######
#................
#.#######..########## #...#
#..#.g......# ###.#
#..#.######.#### #.#
#..#@..........# ####'##
#..#...........# ......#
#..#...........#
......####..#...........#
........##..#...........#
####....##..#...........+
#......##..#...........#
####.##...##..#.............
............................


Turn 1692 on D:2: .,,

Levels and vault maps discovered:
D:1:      minmay_arrival_radiant_lines, layout_basic, serial_bayou,
          serial_bayou_pond_d, serial_bayou_shore_a, serial_bayou_crossing,
          serial_bayou_pond_d, minivault_4
D:2:      layout_basic, uniq_jessica, uniq_sigmund
D:3:      layout_rooms, gammafunk_temple_overflow_claw, ebering_ghost_sewer_d,
          uniq_grinder, uniq_crazy_yiuf_cottage

Skill      XL: |  1  2  3  4  5 |
---------------+----------------+-----
Short Blades   | 3 4 5 |  5.0
Dodging        | 2 3 |  3.2
Summonings     | 1 |  1.7
Stealth        | 6 |  6.5
Fighting       | 3 |  3.3
Long Blades    | |  0.2
Throwing       | |  2.5

Action                     |  1- 3 |  4- 6 || total
---------------------------+-------+-------++-------
  Melee: Dagger            |    95 |   110 ||   205
         Punch             |       |     1 ||     1
  Throw: Dart              |     7 |     6 ||    13
   Cast: Summon Small Mamm |     5 |     4 ||     9
  Evoke: Wand              |       |     3 ||     3
    Use: Scroll            |     3 |     7 ||    10
         Potion            |       |     1 ||     1
   Stab: Sleeping          |     7 |     6 ||    13
         Distracted        |     1 |       ||     1
 Armour: Robe              |     6 |     8 ||    14
         Leather armour    |       |     4 ||     4
  Dodge: Dodged            |    40 |    67 ||   107

Table legend: (Time is in decaauts)
 A = Elapsed time spent in this place.
 B = Non-inter-level travel time spent in this place.
 C = Inter-level travel time spent in this place.
 D = Time resting spent in this place.
 E = Time spent auto-exploring this place.
 F = Levels seen in this place.
 G = Mean time per level.
                   A        B        C        D        E       F      G
               +--------+--------+--------+--------+--------+-----+--------+
         Total |   2348 |   2343 |      5 |    191 |    109 |   3 |  782.7 |
       Dungeon |   2348 |   2343 |      5 |    191 |    109 |   3 |  782.7 |
               +--------+--------+--------+--------+--------+-----+--------+

Top non-repeatable levels by time:
     D:1: 1107 daAuts
     D:2: 902 daAuts
     D:3: 338 daAuts
